 Dungeon Crawl Stone Soup version 0.20.1-1-g8b1a95d (webtiles) character file.

1756 iopi the Cleaver (level 8, -1/71 HPs)
             Began as a Minotaur Berserker on Oct 22, 2017.
             Was a Believer of Trog.
             Slain by an orc warrior
             ... wielding a +0 trident
              (10 damage)
             ... on level 6 of the Dungeon.
             The game lasted 01:00:10 (8415 turns).

iopi the Cleaver (Minotaur Berserker)               Turns: 8415, Time: 01:00:11

Health: -1/71      AC: 13    Str: 24    XL:     8   Next: 78%
Magic:  7/7        EV: 13    Int:  4    God:    Trog [**....]
Gold:   372        SH:  0    Dex: 12    Spells: 7/7 levels left

rFire    . . .     SeeInvis .   a - +3 hand axe
rCold    . . .     Gourm    .   (no shield)
rNeg     . . .     Faith    .   n - +4 ring mail
rPois    .         Spirit   .   (helmet restricted)
rElec    .         Reflect  .   m - +0 cloak
rCorr    .         Harm     .   (no gloves)
MR       ++...     Rnd*Rage +   (no boots)
Stlth    +.........             (no amulet)
Regen    1.3/turn               (no ring)
MPRegen  0.1/turn               (no ring)

@: regenerating
A: retaliatory headbutt, horns 2, molten scales 1, berserk 1, strong 1
a: Berserk, Trog's Hand, Burn Spellbooks, Renounce Religion


You were on level 6 of the Dungeon.
You worshipped Trog.
Trog was pleased with you.
You were not hungry.

You visited 1 branch of the dungeon, and saw 6 of its levels.

You collected 372 gold pieces.

Inventory:

Hand Weapons
 a - a +3 hand axe (weapon)
 h - the +9 whip "Minotaur's Doom" {vamp, rC+++ Str-3 Int+9 Dex-4, unknown}
   (You found it on level 4 of the Dungeon)

   It inflicts no extra harm, but heals its wielder when it wounds a living foe.
   It affects your strength (-3).
   It affects your intelligence (+9).
   It affects your dexterity (-4).
   It renders you almost immune to cold.
 s - a +2 antimagic scythe
Armour
 b - a +1 animal skin
 i - a scarf of spirit shield
 m - a +0 cloak (worn)
 n - a +4 ring mail (worn)
 p - a +0 plate armour
 t - a +0 robe
 w - a +0 robe
 x - a +0 plate armour
Jewellery
 e - an uncursed amulet of faith {unknown}
 j - a cursed amulet of inaccuracy {unknown}
Wands
 r - a wand of random effects (33/48)
Scrolls
 f - 2 scrolls of teleportation
 v - 2 scrolls of blinking {unknown}
 y - a scroll of identify
Potions
 c - 3 potions of lignification {unknown}
 d - a potion of magic {unknown}
 g - 4 potions of curing {unknown}
 k - a potion of agility {unknown}
 l - a potion of mutation
 o - a potion of brilliance {unknown}
 q - a potion of heal wounds {unknown}
 u - a potion of degeneration {unknown}
 A - a potion of cancellation {unknown}
Comestibles
 z - 2 bread rations
 B - 3 fruits


   Skills:
 + Level 6.8 Fighting
 + Level 9.5 Axes
 + Level 6.5 Armour
 + Level 4.8 Dodging
 + Level 2.2 Stealth


You had 7 spell levels left.
You didn't know any spells.

Dungeon Overview and Level Annotations

Branches:
Dungeon (6/15)             Temple (0/1) D:4

Altars:
Cheibriados
Dithmenos
Fedhas
Gozag
Kikubaaqudgha
Qazlal
Uskayaw
Vehumet

Shops:
D:5 (


Innate Abilities, Weirdness & Mutations

You reflexively headbutt those who attack you in melee.
You have a pair of horns on your head.
You are partially covered in molten scales. (AC +2)
You tend to lose your temper in combat.
Your muscles are strong. (Str +2)


Message History

You slash the ogre!
The ogre is heavily wounded.
You hit the ogre. You headbutt the ogre.
The ogre is almost dead.
The ogre hits you with a giant spiked club!!
* * * LOW HITPOINT WARNING * * *
The orc warrior barely misses you.
You barely miss the ogre.
The ogre is almost dead.
The ogre completely misses you.
You hit the ogre. You headbutt the ogre.
You kill the ogre!
Trog accepts your kill.
The orc warrior hits you from afar with a trident!
* * * LOW HITPOINT WARNING * * *
Your skin crawls.
You feel resistant to hostile enchantments.
You feel somewhat more hungry.
The orc warrior hits you from afar with a trident!
You die...

#........#).....#
#........#o.....#
#........#.>....#
#........#......#
#########.oo#####
#####o#########
#.o.o.#.......#
#)#####.#####.##
#@##....#<.....#
#.##.#####.....#
#.##.# #.###.#
#.##.# #.....#
#.##.# #######
#.##.# #....#
######


You could see an orc warrior.

Vanquished Creatures
  Grinder (D:3)
  Sigmund (D:3)
  Eustachio (D:6)
  An orc warrior (D:6)
  3 ogres
  A bullfrog zombie (D:6)
  5 orc priests
  8 orc wizards
  A bullfrog skeleton (D:4)
  A centaur skeleton (D:6)
  Jessica (D:2)
  Ijyb (D:3)
  2 iguanas
  A worker ant (D:6)
  2 hound skeletons (D:4)
  8 gnolls
  12 adders
  An ooze (D:2)
  5 worms
  A dart slug (D:1)
  6 leopard geckos
  19 orcs
  3 ball pythons
  6 giant cockroaches
  7 goblins
  12 hobgoblins
  3 jackals (D:2)
  3 quokkas
  A ball python zombie (D:5)
  7 bats (D:1)
  2 frilled lizards
  7 kobolds
  7 rats
  7 plants (D:2)
  5 withered plants (D:2)
152 creatures vanquished.

Notes
Turn   | Place    | Note
-------+----------+-------------------------------------------
     0 | D:1      | iopi the Minotaur Berserker began the quest for the Orb.
     0 | D:1      | Reached XP level 1. HP: 19/19 MP: 0/0
    71 | D:1      | Reached skill level 4 in Axes
   143 | D:1      | Reached XP level 2. HP: 20/26 MP: 1/1
   538 | D:1      | Reached XP level 3. HP: 30/33 MP: 2/2
   702 | D:1      | Reached ** piety under Trog
  1598 | D:2      | Noticed Jessica
  1603 | D:2      | Killed Jessica
  1603 | D:2      | Reached XP level 4. HP: 21/41 MP: 3/3
  1637 | D:2      | Reached skill level 5 in Axes
  2081 | D:2      | Found a blossoming altar of Fedhas.
  2085 | D:2      | Found an ancient bone altar of Kikubaaqudgha.
  2778 | D:2      | Reached XP level 5. HP: 33/47 MP: 4/4
  3407 | D:3      | Found a shadowy altar of Dithmenos.
  3889 | D:3      | Found a faded altar of an unknown god.
  4038 | D:3      | Noticed Ijyb
  4044 | D:3      | Killed Ijyb
  4044 | D:3      | Reached skill level 5 in Fighting
  4044 | D:3      | Reached skill level 1 in Stealth
  4116 | D:3      | Noticed Sigmund
  4118 | D:3      | Noticed Grinder
  4120 | D:3      | Found an opulent altar of Gozag.
  4132 | D:3      | Killed Sigmund
  4132 | D:3      | Reached skill level 6 in Axes
  4132 | D:3      | Reached XP level 6. HP: 56/56 MP: 5/5
  4135 | D:3      | Killed Grinder
  4135 | D:3      | Reached skill level 7 in Axes
  4135 | D:3      | Reached XP level 7. HP: 62/62 MP: 6/6
  4460 | D:3      | Found a stormy altar of Qazlal.
  4476 | D:3      | Found a radiant altar of Vehumet.
  4491 | D:3      | Found a snail-covered altar of Cheibriados.
  4999 | D:4      | Got an ancient whip
  5162 | D:4      | Found a hide-covered altar of Uskayaw.
  5165 | D:4      | Noticed a dagger
  5165 | D:4      | Noticed a hand axe
  5224 | D:4      | Found a staircase to the Ecumenical Temple.
  5805 | D:4      | Reached skill level 8 in Axes
  5828 | D:4      | Reached XP level 8. HP: 53/70 MP: 7/7
  6116 | D:4      | Reached skill level 5 in Armour
  6392 | D:4      | Reached *** piety under Trog
  6801 | D:5      | Entered Level 5 of the Dungeon
  6804 | D:5      | Found Zemopawn's Weapon Shop.
  7944 | D:6      | Reached skill level 9 in Axes
  8284 | D:6      | Noticed Eustachio
  8292 | D:6      | Killed Eustachio
  8336 | D:6      | Gained mutation: You tend to lose your temper in combat. [potion of mutation]
  8336 | D:6      | Gained mutation: You are partially covered in molten scales. (AC +2) [potion of mutation]
  8336 | D:6      | Gained mutation: Your muscles are strong. (Str +2) [potion of mutation]
  8415 | D:6      | Slain by an orc warrior

Skill      XL: |  1  2  3  4  5  6  7  8 |
---------------+-------------------------+-----
Axes           | 4 5 6 7 8 9 |  9.5
Fighting       | 4 5 6 |  6.8
Dodging        | 3 4 |  4.8
Stealth        | 1 2 |  2.2
Armour         | 3 4 6 |  6.5

Action                   |  1- 3 |  4- 6 |  7- 9 || total
-------------------------+-------+-------+-------++-------
Melee: Hand axe          |    72 |   306 |   193 ||   571
       Headbutt          |     8 |   100 |    46 ||   154
Invok: Trog's Hand       |     1 |     4 |    10 ||    15
       Berserk           |       |     1 |       ||     1
  Use: Scroll            |     1 |     6 |     7 ||    14
       Potion            |       |       |     1 ||     1
 Stab: Sleeping          |       |     2 |       ||     2
  Eat: Bread ration      |     1 |     2 |     2 ||     5
       Meat ration       |       |       |     2 ||     2
Armor: Animal skin       |    12 |    17 |       ||    29
       Ring mail         |       |    11 |    48 ||    59
Dodge: Dodged            |    45 |    53 |   102 ||   200
